 Dungeon Crawl Stone Soup version 0.27.1-2-g3b301248ec (webtiles) character file.

Game seed: 15431277691118131089

30 barney the Changer (level 3, 28/28 HPs)
             Began as a Draconian Transmuter on Oct 1, 2021.
             Quit the game on level 2 of the Dungeon.
             The game lasted 00:01:06 (1077 turns).

barney the Changer (Draconian Transmuter)           Turns: 1077, Time: 00:01:06

Health: 28/28      AC:  5    Str: 12    XL:     3   Next: 3%
Magic:  5/6        EV: 12    Int: 14    God:
Gold:   65         SH:  0    Dex: 11    Spells: 3/6 levels left

rFire    . . .     SeeInvis .     - Unarmed
rCold    . . .     Faith    .   (no shield)
rNeg     . . .     Spirit   .   (armour unavailable)
rPois    .         Reflect  .   (helmet currently unavailable)
rElec    .         Harm     .   (no cloak)
rCorr    .         Rampage  .   (no gloves)
Will     .....                  (boots currently unavailable)
Stlth    +.........             (no amulet)
HPRegen  0.09/turn              (no ring)
MPRegen  0.10/turn              (no ring)

@: appendages
A: horns 2, talons 2, AC +5, unfitting armour, cold-blooded
a: End Transformation


You were on level 2 of the Dungeon.
You had temporarily grown beastly horns and talons.
You visited 1 branch of the dungeon, and saw 2 of its levels.

You collected 65 gold pieces.

Inventory:

Scrolls
 b - a scroll of fear
Potions
 a - 2 potions of curing {unknown}


   Skills:
 - Level 1.1 Fighting
 - Level 1.7 Dodging
 - Level 3.0 Unarmed Combat
 - Level 2.0 Spellcasting
 * Level 3.5 Transmutations


You had 3 spell levels left.
You knew the following spells:

 Your Spells              Type           Power      Damage    Failure   Level
a - Beastly Appendage     Tmut           22%        N/A       5%          1
b - Slow                  Hex            1%         N/A       34%         2

Your spell library contained the following spells:

 Spells                   Type           Power      Damage    Failure   Level
 Wereblood                Tmut           11%        N/A       9%          2
 Spider Form              Tmut/Pois      3%         N/A       34%         3
 Confusing Touch          Hex            1%         N/A       56%         3
 Ice Form                 Ice/Tmut       6%         N/A       75%         4
 Yara's Violent Unravell  Hex/Tmut       3%         3d4       97%         5


Dungeon Overview and Level Annotations

Branches:
Dungeon (2/15)

Altars:


Innate Abilities, Weirdness & Mutations

You have temporarily grown beastly horns and talons.
Your plain brown scales are hard. (AC +5)
You cannot fit into any form of body armour.
You are cold-blooded and may be slowed by cold attacks.


Message History

Aiming: Slow (quite dangerous; 34% risk of failure)
Press: ? - help, Shift-Dir - straight line, f - kobold
Aim: a kobold, wielding a +0 dagger (asleep, chance to affect: 50%)
The kobold shouts!
The kobold seems to slow down.
The kobold is no longer moving slowly.
Casting: Slow (quite dangerous; 34% risk of failure)
Confirm with . or Enter, or press ? or * to list all spells.
You grow a pair of large bovine horns.
Your feet morph into talons.
Found a hunting sling.
The kobold barely misses you.
You hit the kobold but do no damage.
Your tail-slap misses the kobold.
The kobold barely misses you.
You barely miss the kobold. Your headbutt misses the kobold.
The kobold barely misses you.
You hit the kobold but do no damage. You tail-slap the kobold.
You kill the kobold!
No target in view!
Okay, then.
Casting: Beastly Appendage (safe; 5% risk of failure)
Confirm with . or Enter, or press ? or * to list all spells.
Okay, then.
As you read the scroll labelled COWNAMN LUMNON, it crumbles to dust.
You assume a fearsome visage.
Nothing appears to happen.
It was a scroll of fear.
Unknown command.
Your transformation is almost over.
Your horns disappear.
Your talons disappear.
Things that are here:
a +0 dagger; a kobold corpse You now have 65 gold pieces (gained 13).
A bat comes into view.
The bat hits you but does no damage.
A bat is nearby!
A bat is nearby!
A bat is nearby!
A bat is nearby!
Casting: Beastly Appendage (safe; 5% risk of failure)
Confirm with . or Enter, or press ? or * to list all spells.
You grow a pair of large bovine horns.
Your feet morph into talons.
The bat barely misses you. The bat closely misses you.
Are you sure you want to abandon this character and quit the game? (Confirm with "yes".)

#.# #..#####.
##.#####..#
####.........#
#.......##...###
#.#####.##.....# #
#.##.#.#.# #
#.##.#.#.###.###
#.##............ #
#@####.......## #.
#....b..#
###.#####
.#..#########.####
#.#
........#####.#
#.#
......#.......#
#.# #..<##.####
#.# #..###....#
#.# #.. ###'''###
#.#
<...##≈≈...≈≈##
#.#


You could see a bat.

Vanquished Creatures
  An adder (D:2)
  2 endoplasms
  2 giant cockroaches
  A goblin (D:1)
  3 hobgoblins
  2 jackals (D:1)
  5 bats (D:1)
  3 frilled lizards
  A kobold (D:2)
20 creatures vanquished.

Notes
Turn   | Place    | Note
-------+----------+-------------------------------------------
     0 | D:1      | barney the Draconian Transmuter began the quest for the
                  | Orb.
     0 | D:1      | Reached XP level 1. HP: 16/16 MP: 3/3
   345 | D:1      | Reached XP level 2. HP: 20/23 MP: 3/5
   955 | D:2      | Reached XP level 3. HP: 23/28 MP: 4/6
   958 | D:2      | Learned a level 2 spell: Slow
  1077 | D:2      | Quit the game

Illustrated notes

Levels and vault maps discovered:
D:1:      minmay_arrival_open_corners, layout_basic, minmay_misc_feat_enclosed,
          chequers_jeans, chequers_arboretum, due_unseen_surprise
D:2:      layout_loops_ring, shapermc_ecumenical_altar_gd,
          kennysheep_cluttered_room, uniq_sigmund

Skill      XL: |  1  2 |
---------------+-------+-----
Transmutations | 3 |  3.5
Fighting       | |  1.1
Dodging        | |  1.7
Unarmed Combat | |  3.0
Spellcasting   | |  2.0

Action                   || total
-------------------------++-------
Melee: Unarmed           ||    60
       Kick              ||    11
       Punch             ||     2
       Tailslap          ||     2
 Cast: Beastly Appendage ||    15
       Slow              ||     1
  Use: Scroll            ||     1
 Stab: Sleeping          ||     1
Armor: Skin              ||    23
Dodge: Dodged            ||    48
